 Dungeon Crawl Stone Soup version 0.32-a0-918-g0f22ef8d61 (webtiles) character file.

Game seed: 1724435052334856051

206 porpoise the Poker (level 5, -3/42 HPs)
             Began as a Demonspawn Gladiator on Apr 11, 2024.
             Slain by an orc
             ... wielding a +0 whip
              (5 damage)
             ... on level 3 of the Dungeon.
             The game lasted 00:05:44 (2087 turns).

porpoise the Poker (Demonspawn Gladiator)           Turns: 2087, Time: 00:05:45

Health: -3/42      AC: 12    Str: 17    XL:     5   Next: 53%
Magic:  5/5        EV: 10    Int:  8    God:
Gold:   45         SH:  0    Dex: 14    Spells: 4/4 levels left

rFire   . . .        a - +0 trident
rCold   . . .        (no shield)
rNeg    . . .        j - +0 ring mail
rPois   .            c - +0 helmet
rElec   .            (no cloak)
rCorr   .            (no gloves)
SInv    .            (no boots)
Will    .....        (no amulet)
Stlth   +            (no ring)
HPRegen 0.27/turn    (no ring)
MPRegen 0.09/turn

%: no passive effects
@: sanguine armoured
A: sanguine armour 1
a: no special abilities


You were on level 3 of the Dungeon.
You visited 1 branch of the dungeon, and saw 3 of its levels.

You collected 133 gold pieces.
You spent 88 gold pieces at shops.

Inventory:

Hand Weapons
 a - a +0 trident (weapon)
Missiles
 d - 3 throwing nets (quivered)
 e - a javelin
 n - 3 poisoned darts
Armour
 c - a +0 helmet (worn)
 j - a +0 ring mail (worn)
Scrolls
 b - a scroll of blinking {unknown}
 i - a scroll of acquirement {unknown}
 k - a scroll of teleportation
 m - a scroll of revelation {unknown}
 p - a scroll of identify {unknown}
 q - a scroll of amnesia {unknown}
Potions
 f - a potion of attraction {unknown}
 g - a potion of mutation {unknown}
 h - 3 potions of curing
 l - a potion of enlightenment {unknown}
 o - a potion of berserk rage {unknown}


   Skills:
 + Level 3.7 Fighting
 * Level 4.9 Polearms
 - Level 1.7 Throwing
 - Level 2.6 Dodging


You had 4 spell levels left.
You didn't know any spells.
Your spell library contained the following spells:

 Spells                   Type           Power      Damage    Failure   Level
 Tukima's Dance           Hex            0%         N/A       94%         3
 Passage of Golubria      Tloc           0%         N/A       100%        4
 Yara's Violent Unravell  Hex/Alch       0%         3d3       100%        5


Dungeon Overview and Level Annotations

Branches:
Dungeon (3/15)

Altars:
Sif Muna

Shops:
D:2 *(!


Innate Abilities, Weirdness & Mutations

When seriously injured, your blood forms armour. (AC +6)


Message History

You are confused.
You hear some strange, mumbled words.
You are more confused.
Things that are here:
a +0 dagger; a +0 robe You bump into the rock wall.
Something hits you.
* * * LOW HITPOINT WARNING * * *
You miss something. Something barely misses you.
You bump into the rock wall.
Something hits you.
* * * LOW HITPOINT WARNING * * *
You bump into the rock wall.
Something completely misses you.
You miss something. Something hits you but does no damage.
You bump into the rock wall.
Something hits you.
* * * LOW HITPOINT WARNING * * *
You bump into the rock wall.
You hear some strange, mumbled words.
A puff of flame appears from out of thin air!
The puff of flame misses you.
You're too confused to move!
Something completely misses you.
You miss something. Something hits you but does no damage.
You puncture something! Something hits you but does no damage.
You barely miss something. Something hits you but does no damage.
You bump into the rock wall.
You feel less confused. Something hits you.
* * * LOW HITPOINT WARNING * * *
You hit something. Something completely misses you.
You closely miss something.
You hear some strange, mumbled words.
A magic dart appears from out of thin air!
The magic dart hits you but does no damage.
You hit something.
Reactivating autopickup.
You feel a bit more experienced.
You hit the orc but do no damage. The orc hits you with a +0 whip.
* * * LOW HITPOINT WARNING * * *
You hit the orc but do no damage. The orc hits you with a +0 whip.
* * * LOW HITPOINT WARNING * * *
You completely miss the orc. The orc hits you with a +0 whip.
You die...

...........>
#..........
###.........## ...
.............#....
..#...####...#....
..................
.....##.#....#.#..
##. #o#....# #
#@#....# # .
.####)#....#.#.
.................
##.####.#....#...
#................
..
......#.#....##.#
. . #...........#
# .#####.
##.####.####.#
......#
##..##.....##.#


You could see an orc.

Vanquished Creatures
  Jessica (D:2)
  5 orc wizards
  An adder (D:2)
  A ribbon worm (D:2)
  2 orcs (D:2)
  3 ball pythons
  4 endoplasms
  2 giant cockroaches (D:1)
  8 goblins
  3 hobgoblins
  4 quokkas
  3 bats
  3 frilled lizards
  4 kobolds
  3 rats
47 creatures vanquished.

Notes
Turn   | Place    | Note
-------+----------+-------------------------------------------
     0 | D:1      | porpoise the Demonspawn Gladiator began the quest for the
                  | Orb.
     0 | D:1      | Reached XP level 1. HP: 16/16 MP: 1/1
   216 | D:1      | Reached skill level 3 in Polearms
   237 | D:1      | Gained mutation: When seriously injured, your blood forms
                  | armour. (AC +6) [demonic ancestry]
   237 | D:1      | Reached XP level 2. HP: 21/22 MP: 2/2
  1025 | D:2      | Reached XP level 3. HP: 19/28 MP: 3/3
  1042 | D:2      | Reached skill level 4 in Polearms
  1042 | D:2      | Reached XP level 4. HP: 26/35 MP: 4/4
  1337 | D:2      | Noticed Jessica
  1352 | D:2      | Killed Jessica
  1448 | D:2      | Reached XP level 5. HP: 41/41 MP: 5/5
  1588 | D:2      | Found Vyedaeg's Assorted Antiques.
  1633 | D:2      | Bought a metallic orange potion for 27 gold pieces
  1633 | D:2      | Bought a scroll labelled QIOQUL WEYJ for 31 gold pieces
  1778 | D:2      | Found Wioqiw's Weapon Shoppe.
  1830 | D:2      | Found Xuasolow's Distillery.
  1850 | D:2      | Bought a potion of curing for 30 gold pieces
  1993 | D:3      | Found a shimmering blue altar of Sif Muna.
  2086 | D:3      | HP: 2/42 [orc/+0 whip (2)]
  2087 | D:3      | Slain by an orc

Illustrated notes

Levels and vault maps discovered:
D:1:      minmay_arrival_pointy, layout_basic
D:2:      layout_loops_ring, serial_shops, nicolae_shop_waterfront, shop, shop,
          nicolae_figureground_pulse, uniq_jessica
D:3:      layout_basic, old_standard_altar,
          shapermc_ecumenical_altar_notcrosses, hangedman_decor_peaks_small,
          grunt_ministairs_1, chequers_serial_rivers_micro_b

Skill      XL: |  1  2  3 |
---------------+----------+-----
Polearms       | 3 4 |  4.9
Fighting       | 3 |  3.7
Throwing       | |  1.7
Dodging        | |  2.6

Action                     |  1- 3 |  4- 6 || total
---------------------------+-------+-------++-------
  Melee: Trident           |   105 |   127 ||   232
    Use: Scroll            |       |     1 ||     1
   Stab: Sleeping          |     2 |       ||     2
 Armour: Ring mail         |    68 |    91 ||   159
  Dodge: Dodged            |    57 |    47 ||   104

Table legend: (Time is in decaauts)
 A = Elapsed time spent in this place.
 B = Non-inter-level travel time spent in this place.
 C = Inter-level travel time spent in this place.
 D = Time resting spent in this place.
 E = Time spent auto-exploring this place.
 F = Levels seen in this place.
 G = Mean time per level.
                   A        B        C        D        E       F      G
               +--------+--------+--------+--------+--------+-----+--------+
         Total |   2109 |   2039 |     70 |    370 |   1220 |   3 |  703.0 |
       Dungeon |   2109 |   2039 |     70 |    370 |   1220 |   3 |  703.0 |
               +--------+--------+--------+--------+--------+-----+--------+

Top non-repeatable levels by time:
     D:1: 1005 daAuts
     D:2: 985 daAuts
     D:3: 119 daAuts
